 Dungeon Crawl Stone Soup version 0.19-a0-994-g3c636f0 (webtiles) character file.

239 matakusis the Ducker (level 5, 0/42 HPs)
             Began as a Demonspawn Gladiator on July 17, 2016.
             Was an Initiate of Qazlal.
             Succumbed to a scorpion's poison
             ... on level 4 of the Dungeon.
             The game lasted 00:07:15 (3111 turns).

matakusis the Ducker (Demonspawn Gladiator)         Turns: 3111, Time: 00:07:16

Health: 0/42       AC:  5    Str: 15 (17) XL:     5   Next: 79%
Magic:  5/5        EV: 11    Int:  7 (9)  God:    Qazlal [......]
Gold:   134        SH:  7    Dex: 14 (15) Spells: 0 memorised, 4 levels left

rFire  + . .     SeeInvis .     a - +0 long sword
rCold  + . .     Gourm    .     b - +0 leather armour
rNeg   . . .     Faith    .     s - +0 shield
rPois  +         Spirit   .     r - +1 hat
rElec  +         Dismiss  .     (no cloak)
rCorr  +         Reflect  .     (no gloves)
SustAt .         Harm     .     q - +1 pair of boots
MR     .....                    k - amulet of rage
Stlth  +++.......               (no ring)
                                l - ring of stealth

@: lethally poisoned (0 -> -8), resistant, not resistant to hostile
enchantments, fairly stealthy
A: horns 1, icy blue scales 1, camouflage 1, deformed body, powered by pain 1,
strong 1
a: Renounce Religion, Evoke Berserk Rage


You were on level 4 of the Dungeon.
You worshipped Qazlal.
Qazlal was noncommittal.
You were not hungry.

You visited 1 branch of the dungeon, and saw 4 of its levels.

You collected 134 gold pieces.

Inventory:

Hand Weapons
 a - a +0 long sword (weapon)
Missiles
 d - 3 throwing nets (quivered)
Armour
 b - a +0 leather armour (worn)
 q - a +1 pair of boots (worn)
 r - a +1 hat (worn)
 s - a +0 shield (worn)
Jewellery
 k - an amulet of rage (around neck)
 l - a ring of stealth (left hand)
Wands
 p - a wand of paralysis (8/24)
Scrolls
 c - a scroll of amnesia {unknown}
 e - 3 scrolls of identify {unknown}
 i - 3 scrolls of teleportation {unknown}
 j - 3 scrolls of remove curse {unknown}
 n - a scroll of magic mapping {unknown}
 o - a scroll of blinking {unknown}
 t - a scroll of random uselessness {unknown}
Comestibles
 f - 2 bread rations
 u - a beef jerky
 v - 4 chunks of flesh


   Skills:
 * Level 4.0 Fighting
 + Level 3.6 Long Blades
 - Level 1.7 Throwing
 + Level 4.2 Dodging
 * Level 0.6 Shields


You had 4 spell levels left.
You didn't know any spells.

Dungeon Overview and Level Annotations

Branches:
Dungeon (4/15)
 Temple: D:4-7

Altars:
Cheibriados
Makhleb
Okawaru
Qazlal


Innate Abilities, Weirdness & Mutations

You have a pair of small horns on your head.
You are partially covered in icy blue scales. (AC +1)
You sometimes gain a little power by taking damage.
Your skin changes colour to match your surroundings (Stealth+).
Armour fits poorly on your strangely shaped body.
Your muscles are strong. (Str +2)


Message History

There was something very wrong with that liquid.
You feel weakened.
You feel dopey.
You feel clumsy.
* * * LOW HITPOINT WARNING * * *
You feel sick.
It was a potion of mutation.
You feel extremely strange.
Your body twists and deforms.
Your skin functions as natural camouflage.
You feel stronger.
* * * LOW HITPOINT WARNING * * *
You feel sick.
It was a potion of resistance.
You feel protected.
* * * LOW HITPOINT WARNING * * *
You feel sick.
* * * LOW HITPOINT WARNING * * *
You feel sick.
* * * LOW HITPOINT WARNING * * *
You feel sick.
You see here a scorpion corpse.
You die...

#.........=#
+..........#
#..........#
#.....<....#
#...##.....#
#[. #.....##
#...##......#
+.....†.....#
#.....@.....#
#...##.....##
#... #.....#
.>..
!........ ...
......... ...
..........
#####+####


There were no monsters in sight!

Vanquished Creatures
  2 scorpions
  An orc priest (D:3)
  5 adders
  An ooze (D:1)
  4 giant geckos
  4 orcs (D:3)
  4 bats
  6 giant cockroaches
  5 goblins
  7 hobgoblins
  3 quokkas (D:2)
  5 giant newts
  4 kobolds
  5 rats
56 creatures vanquished.

Notes
Turn   | Place    | Note
-------+----------+-------------------------------------------
     0 | D:1      | matakusis the Demonspawn Gladiator began the quest for the Orb.
     0 | D:1      | Reached XP level 1. HP: 16/16 MP: 1/1
   226 | D:1      | Gained mutation: You have a pair of small horns on your head. [demonic ancestry]
   226 | D:1      | Reached XP level 2. HP: 20/22 MP: 2/2
   988 | D:2      | Gained mutation: You sometimes gain a little power by taking damage. [demonic ancestry]
   988 | D:2      | Reached XP level 3. HP: 28/28 MP: 3/3
  1786 | D:3      | Reached XP level 4. HP: 18/35 MP: 4/4
  2160 | D:3      | Gained mutation: You are partially covered in icy blue scales. (AC +1) [demonic ancestry]
  2160 | D:3      | Reached XP level 5. HP: 27/41 MP: 5/5
  2486 | D:3      | Found a burning altar of Makhleb.
  2487 | D:3      | Found a snail-covered altar of Cheibriados.
  2487 | D:3      | Found a stormy altar of Qazlal.
  2602 | D:3      | Found an iron altar of Okawaru.
  2606 | D:3      | Became a worshipper of Qazlal Stormbringer
  3107 | D:4      | Gained mutation: Armour fits poorly on your strangely shaped body. [potion of mutation]
  3107 | D:4      | Gained mutation: Your skin changes colour to match your surroundings (Stealth+). [potion of mutation]
  3107 | D:4      | Gained mutation: Your muscles are strong. (Str +2) [potion of mutation]
  3109 | D:4      | HP: 2/42 [poisoned by a scorpion]
  3111 | D:4      | Succumbed to a scorpion's poison

Vault maps used:
D:1:      dpeg_arrival_pits, kennysheep_decorative_pillar
D:2:      kennysheep_generic_room_9
D:3:      nicolae_overflow_quartered_altars, first_bread, minmay_misc_feat_cross

Skill      XL: |  1  2  3  4  5 |
---------------+----------------+-----
Long Blades    | 3 |  3.6
Dodging        | 3 4 |  4.2
Fighting       | 3 4 |  4.0
Throwing       | |  1.7
Shields        | |  0.6

Action                   |  1- 3 |  4- 6 || total
-------------------------+-------+-------++-------
Melee: Long sword        |   126 |    98 ||   224
       Headbutt          |     6 |    15 ||    21
  Use: Potion            |       |     3 ||     3
 Stab: Distracted        |     1 |       ||     1
       Sleeping          |     1 |       ||     1
  Eat: Chunk             |     3 |     4 ||     7
Armor: Leather armour    |    15 |    20 ||    35
Dodge: Dodged            |    82 |    35 ||   117
Block: Shield            |       |    34 ||    34
